 Dungeon Crawl Stone Soup version 0.19.0-19-g8c6edcc (webtiles) character file.

83 mopl the Poker (level 4, -8/35 HPs)
             Began as a Demonspawn Gladiator on Nov 14, 2016.
             Killed by divine providence
             ... invoked by an orc priest
              (11 damage)
             ... on level 3 of the Dungeon.
             The game lasted 00:01:59 (1083 turns).

mopl the Poker (Demonspawn Gladiator)               Turns: 1083, Time: 00:02:00

Health: -8/35      AC:  6    Str: 16    XL:     4   Next: 22%
Magic:  4/4        EV: 11    Int:  9    God:
Gold:   81         SH:  0    Dex: 14    Spells: 0 memorised, 3 levels left

rFire  . . .     SeeInvis .     a - +0 trident
rCold  . . .     Gourm    .     o - +0 ring mail
rNeg   . . .     Faith    .     (no shield)
rPois  .         Spirit   .     c - +0 helmet
rElec  .         Reflect  .     (no cloak)
rCorr  .         Harm     .     (no gloves)
MR     .....                    (no boots)
Stlth  +.........               (no amulet)
                                (no ring)
                                (no ring)

@: no status effects
A: claws 1, powered by pain 1
a: no special abilities


You were on level 3 of the Dungeon.
You were not hungry.

You visited 1 branch of the dungeon, and saw 3 of its levels.

You collected 81 gold pieces.

Inventory:

Hand Weapons
 a - a +0 trident (weapon)
Missiles
 d - 3 throwing nets (quivered)
 k - 15 poisoned needles
Armour
 c - a +0 helmet (worn)
 o - a +0 ring mail (worn)
Scrolls
 b - a scroll of teleportation {unknown}
 e - 3 scrolls of identify {unknown}
 h - 2 scrolls of random uselessness {unknown}
Potions
 i - a potion of ambrosia {unknown}
 l - a potion of lignification {unknown}
 m - a potion of curing {unknown}
 n - a potion of heal wounds {unknown}
 q - a potion of brilliance {unknown}
Comestibles
 f - a bread ration
 g - a slice of pizza
 j - a meat ration


   Skills:
 + Level 3.1 Fighting
 * Level 4.0 Polearms
 - Level 1.7 Throwing
 - Level 2.6 Dodging


You had 3 spell levels left.
You didn't know any spells.

Dungeon Overview and Level Annotations

Branches:
Dungeon (3/15)

Altars:

Annotations:
D:2 Sigmund


Innate Abilities, Weirdness & Mutations

You have sharp fingernails.
You sometimes gain a little power by taking damage.


Message History

The orc wizard hits you but does no damage.
The orc wizard hits you with a dagger.
* * * LOW HITPOINT WARNING * * *
You hit the orc wizard.
The orc wizard is severely wounded.
The orc wizard hits you but does no damage. x2
You hit the orc wizard.
You kill the orc wizard!
Your Fighting skill increases to level 3!
Your Polearms skill increases to level 4!
You have reached level 4!
You feel stronger.
You feel monstrous as your demonic heritage exerts itself.
Your demonic ancestry asserts itself...
Your fingernails lengthen.
You closely miss the orc priest.
The orc priest is moderately wounded.
The orc priest mumbles some strange prayers to Beogh against you.
Beogh smites you!
You die...

#.. #.# #.. #.#
..##.# ### ..#.#
#.. #.#.#
#.######.#.#####.#
#.##...o..%.....#
#)##o###.#.#.###.#
#@##.# #.#.# #
#o##.###.#.#
#......o....
####.###.#.# #.#
#.#.# #.# ....#
#.. ###


You could see an orc priest.

Vanquished Creatures
  An orc wizard (D:3)
  2 adders (D:2)
  2 worms (D:2)
  A leopard gecko (D:1)
  An orc (D:3)
  A ball python (D:2)
  2 giant cockroaches
  3 hobgoblins
  5 kobolds
  5 bats
  5 frilled lizards
  3 goblins
  3 rats
34 creatures vanquished.

Notes
Turn   | Place    | Note
-------+----------+-------------------------------------------
     0 | D:1      | mopl the Demonspawn Gladiator began the quest for the Orb.
     0 | D:1      | Reached XP level 1. HP: 16/16 MP: 1/1
   200 | D:1      | Gained mutation: You sometimes gain a little power by taking damage. [demonic ancestry]
   200 | D:1      | Reached XP level 2. HP: 23/23 MP: 2/2
   203 | D:1      | Reached skill level 3 in Polearms
   699 | D:2      | Reached XP level 3. HP: 22/28 MP: 3/3
  1034 | D:2      | Noticed Sigmund
  1082 | D:3      | Reached skill level 3 in Fighting
  1082 | D:3      | Reached skill level 4 in Polearms
  1082 | D:3      | Gained mutation: You have sharp fingernails. [demonic ancestry]
  1082 | D:3      | Reached XP level 4. HP: 3/35 MP: 4/4
  1083 | D:3      | Killed from afar by an orc priest

Skill      XL: |  1  2  3 |
---------------+----------+-----
Polearms       | 3 4 |  4.0
Fighting       | 3 |  3.1
Throwing       | |  1.7
Dodging        | |  2.6

Action                   |  1- 3 |  4- 6 || total
-------------------------+-------+-------++-------
Melee: Trident           |   126 |     1 ||   127
 Stab: Sleeping          |     3 |       ||     3
       Distracted        |     1 |       ||     1
  Eat: Chunk             |     1 |       ||     1
Armor: Leather armour    |    17 |       ||    17
       Ring mail         |    11 |       ||    11
Dodge: Dodged            |    70 |       ||    70
